 Dungeon Crawl Stone Soup version 0.28.0 (webtiles) character file.

Game seed: 14387123510254898782

2398 browni3141 the Cleaver (level 9, -10/81 HPs)
             Began as a Minotaur Berserker on Feb 17, 2022.
             Was a Priest of Trog.
             Mangled by a skeletal warrior (11 damage)
             ... on level 7 of the Dungeon.
             The game lasted 00:03:27 (6716 turns).

browni3141 the Cleaver (Minotaur Berserker)         Turns: 6716, Time: 00:03:28

Health: -10/81     AC: 13    Str: 26    XL:     9   Next: 23%
Magic:  8/8        EV:  9    Int:  4    God:    Trog [***...]
Gold:   302        SH:  0    Dex: 10    Spells: 8/8 levels left

rFire   . . .      SeeInvis .   a - +0 hand axe
rCold   + . .      Faith    .   (no shield)
rNeg    . . .      Spirit   .   o - +0 chain mail
rPois   .          Reflect  .   (helmet restricted)
rElec   .          Harm     .   p - +0 cloak
rCorr   .          Rampage  .   (no gloves)
Will    .....                   j - +0 pair of boots
Stlth   ..........              (no amulet)
HPRegen 0.23/turn               C - ring of protection from cold
MPRegen 0.11/turn               (no ring)

@: lethally poisoned (-10 -> -13)
A: horns 2, retaliatory headbutt
a: Renounce Religion, Berserk, Trog's Hand


You were on level 7 of the Dungeon.
You worshipped Trog.
Trog was most pleased with you.
You visited 1 branch of the dungeon, and saw 8 of its levels.

You collected 302 gold pieces.


Innate Abilities, Weirdness & Mutations

You have a pair of horns on your head.
You reflexively headbutt those who attack you in melee.


   Skills:
 + Level 8.3 Fighting
 * Level 11.1 Axes
 + Level 7.8 Armour
 - Level 2.1 Dodging


You had 8 spell levels left.
You didn't know any spells.
Your spell library was empty.

Inventory:

Hand Weapons
 a - a +0 hand axe (weapon)
 t - a +0 war axe
Armour
 b - a +0 animal skin
 j - a +0 pair of boots (worn)
 o - a +0 chain mail (worn)
 p - a +0 cloak (worn)
Jewellery
 C - a ring of protection from cold (left hand)
 W - a ring of magical power
Wands
 i - a wand of iceblast (11)
 y - a wand of acid (9)
 B - a wand of charming (10)
Scrolls
 c - 2 scrolls of noise {unknown}
 e - 7 scrolls of identify {unknown}
 g - 3 scrolls of teleportation {unknown}
 l - 2 scrolls of magic mapping {unknown}
 n - a scroll of acquirement {unknown}
 q - a scroll of fog {unknown}
 r - a scroll of enchant weapon {unknown}
 s - 2 scrolls of amnesia {unknown}
 u - a scroll of holy word {unknown}
 w - 3 scrolls of brand weapon {unknown}
 x - a scroll of fear {unknown}
 A - 3 scrolls of silence {unknown}
 D - a scroll of summoning {unknown}
Potions
 d - 3 potions of mutation {unknown}
 f - 2 potions of resistance {unknown}
 h - 2 potions of flight {unknown}
 k - a potion of magic
 m - a potion of brilliance {unknown}
 v - a potion of curing {unknown}
 z - 2 potions of lignification {unknown}
 E - a potion of ambrosia {unknown}

Dungeon Overview and Level Annotations

Branches:
Dungeon (8/15)             Temple (0/1) D:5
   Lair: D:8-11

Altars:
Cheibriados
Okawaru
Ru
Uskayaw
Wu Jian

##..##..#............#.
####..................
#..................
###................#.
#######....###...........##
##..#.##......#.............
#.....#.....................
###.........z...............
#..........@#.#.###.........
###.........###.###.........
######......h...##.#...........
##.#..............#...........#.
##...................##........#.
#.....###..###...................
#....###...####...............(..
.....##.....##...................
............................#....


You could see a skeletal warrior (ally target) and a friendly black bear
(summoned, berserk).


Message History

Your skin stops crawling.
You feel less strong-willed.
You see here 33 bolts {@f2}.
There is a stone staircase leading up here.
You fail to use your ability.
The skeletal warrior hits you with a +2 short sword of venom.
* * * LOW HITPOINT WARNING * * *
You are poisoned.
You feel very sick.
There is a stone staircase leading up here.
You feel sick.
You feel sick.
You feel sick.
You feel sick.
You feel sick.
You feel sick.
You feel sick.
You are no longer poisoned.
You fail to use your ability.
You fail to use your ability.
The skeletal warrior hits you with a +2 short sword of venom!!
* * * LOW HITPOINT WARNING * * *
Your black bear goes berserk!
You can no longer call in reinforcements.
The skeletal warrior hits you but does no damage.
You are lethally poisoned!
It was a potion of magic.
Magic courses through your body.
* * * LOW HITPOINT WARNING * * *
You feel sick.
The skeletal warrior hits you with a +2 short sword of venom!
You die...

Skill      XL: |  1  2  3  4  5  6  7  8  9 |
---------------+----------------------------+-----
Axes           | 4 5 6 7 8 10 11 | 11.1
Fighting       | 4 5 6 7 8 |  8.3
Armour         | 3 4 5 6 7 |  7.8
Dodging        | |  2.1

Action                   |  1- 3 |  4- 6 |  7- 9 || total
-------------------------+-------+-------+-------++-------
Melee: Hand axe          |    90 |    91 |   212 ||   393
       Headbutt          |     7 |    20 |    46 ||    73
       Punch             |     1 |     1 |     4 ||     6
       War axe           |       |       |     7 ||     7
Invok: Berserk           |     1 |     2 |     2 ||     5
       Trog's Hand       |       |       |     1 ||     1
       Brothers in Arms  |       |       |     1 ||     1
  Use: Potion            |       |       |     1 ||     1
Armor: Animal skin       |     8 |     4 |       ||    12
       Chain mail        |       |    38 |   109 ||   147
Dodge: Dodged            |    52 |    51 |    81 ||   184

Levels and vault maps discovered:
D:1:      elethiomel_arrival_quiet, layout_basic,
          chequers_ecumenical_altar_island, dk_noncrumbling_3,
          nicolae_concentric_dashed_squares_mild, hangedman_decor_push
D:2:      layout_basic, uniq_robin
D:3:      layout_basic, mainiacjoe_overflow_large_starburst, st_stairs_1,
          nrook_campfire
D:4:      layout_basic
D:5:      layout_loops_ring, lemuel_round_altar, minmay_temple_entry_grid,
          uniq_pikel
D:6:      layout_basic, nicolae_ru_awakened_eye
D:7:      layout_cave_pools, mainiacjoe_overflow_tiny_flanked
D:8:      layout_rooms, grunt_temple_overflow_open, bloody_makhleb

Notes
Turn   | Place    | Note
-------+----------+-------------------------------------------
     0 | D:1      | browni3141 the Minotaur Berserker began the quest for the
                  | Orb.
     0 | D:1      | Reached XP level 1. HP: 19/19 MP: 0/0
    18 | D:1      | Found a faded altar of an unknown god.
   233 | D:1      | Reached skill level 4 in Axes
   320 | D:1      | Reached XP level 2. HP: 25/27 MP: 1/1
   488 | D:1      | Reached skill level 4 in Fighting
   490 | D:1      | Reached skill level 3 in Armour
   492 | D:1      | Reached ** piety under Trog
   590 | D:1      | Reached XP level 3. HP: 26/33 MP: 2/2
  1496 | D:2      | Noticed Robin
  1505 | D:2      | Reached XP level 4. HP: 40/40 MP: 3/3
  1508 | D:2      | Killed Robin
  1509 | D:2      | Reached skill level 5 in Axes
  1978 | D:3      | Found an ornate altar of the Wu Jian Council.
  2007 | D:3      | Found an iron altar of Okawaru.
  2209 | D:3      | Reached XP level 5. HP: 40/47 MP: 4/4
  2525 | D:4      | Noticed a phantom
  2534 | D:4      | Killed a phantom
  2534 | D:4      | Reached *** piety under Trog
  2534 | D:4      | You fall into a shaft and drop 1 floor!
  2534 | D:5      | Entered Level 5 of the Dungeon
  2535 | D:5      | Reached skill level 6 in Axes
  2535 | D:5      | Reached skill level 4 in Armour
  2544 | D:5      | Reached skill level 5 in Fighting
  2544 | D:5      | Reached XP level 6. HP: 22/56 MP: 5/5
  2859 | D:5      | Noticed an ice beast
  2871 | D:5      | Killed an ice beast
  3039 | D:4      | Reached skill level 7 in Axes
  3121 | D:4      | Reached skill level 5 in Armour
  3122 | D:4      | Reached XP level 7. HP: 21/62 MP: 6/6
  4154 | D:5      | Noticed Pikel
  4175 | D:5      | Killed Pikel
  4176 | D:5      | Reached skill level 6 in Fighting
  4176 | D:5      | Reached skill level 8 in Axes
  4176 | D:5      | Reached skill level 6 in Armour
  4176 | D:5      | Reached XP level 8. HP: 45/71 MP: 7/7
  4343 | D:5      | Reached skill level 9 in Axes
  4360 | D:5      | Found a staircase to the Ecumenical Temple.
  4404 | D:5      | Found a hide-covered altar of Uskayaw.
  4815 | D:6      | Reached skill level 7 in Fighting
  4905 | D:6      | Found a sacrificial altar of Ru.
  5172 | D:6      | Reached skill level 10 in Axes
  5172 | D:6      | Reached skill level 7 in Armour
  5748 | D:7      | Reached XP level 9. HP: 73/81 MP: 8/8
  5843 | D:7      | Reached skill level 8 in Fighting
  6054 | D:7      | Found a snail-covered altar of Cheibriados.
  6171 | D:7      | Reached **** piety under Trog
  6242 | D:7      | Reached skill level 11 in Axes
  6593 | D:8      | Noticed a skeletal warrior
  6594 | D:8      | Noticed a skeletal warrior
  6714 | D:7      | HP: 3/81 [skeletal warrior (21)]
  6716 | D:7      | HP: 1/81 [poisoned by a skeletal warrior]
  6716 | D:7      | Mangled by a skeletal warrior

Vanquished Creatures
  Pikel (D:5)
  A water moccasin (D:7)
  An orc warrior (D:7)
  An ice beast (D:5)
  2 black bears
  2 ogres
  2 centaurs (D:6)
  2 phantoms
  3 lemures (D:5)
  2 bullfrogs
  A wyvern zombie (D:8)
  3 scorpions
  A bullfrog zombie (D:7)
  A centaur zombie (D:5)
  2 hounds (D:6)
  2 jellies (D:4)
  3 orc priests
  A bullfrog skeleton (D:5)
  An orc wizard (D:6)
  A killer bee zombie (D:8)
  2 hound skeletons (D:4)
  5 gnolls
  Robin (D:2)
  6 adders
  A howler monkey skeleton (D:7)
  2 howler monkey zombies
  A shadow imp (D:7)
  A white imp (D:4)
  An adder skeleton (D:4)
  3 dart slugs
  16 orcs
  5 bats
  8 endoplasms
  6 giant cockroaches
  13 goblins
  10 hobgoblins
  5 jackals (D:4)
  5 kobolds
  3 quokkas (D:1)
  12 ball pythons
  4 frilled lizards (D:1)
  7 rats
150 creatures vanquished.

Table legend: (Time is in decaauts)
 A = Elapsed time spent in this place.
 B = Non-inter-level travel time spent in this place.
 C = Inter-level travel time spent in this place.
 D = Time resting spent in this place.
 E = Time spent auto-exploring this place.
 F = Levels seen in this place.
 G = Mean time per level.
                   A        B        C        D        E       F      G
               +--------+--------+--------+--------+--------+-----+--------+
         Total |   6721 |   6493 |    228 |    320 |   5108 |   8 |  840.1 |
       Dungeon |   6721 |   6493 |    228 |    320 |   5108 |   8 |  840.1 |
               +--------+--------+--------+--------+--------+-----+--------+

Top non-repeatable levels by time:
     D:1: 1302 daAuts
     D:5: 1222 daAuts
     D:4: 1041 daAuts
     D:7: 927 daAuts
     D:6: 848 daAuts
     D:3: 621 daAuts
     D:2: 567 daAuts
     D:8: 190 daAuts

Table legend:
 A = Non-vault XP
 B = Vault XP
 C = Vault XP percentage of total XP
 D = Non-vault monster count
 E = Vault monster count
 F = Vault count percentage of total count
                 A         B        C        D         E       F
            +---------+---------+-------+---------+---------+-------
      Total |    2736 |     690 |  20.1 |     133 |      14 |   9.5
            +---------+---------+-------+---------+---------+-------
        D:1 |      67 |       0 |   0.0 |      32 |       0 |   0.0
        D:2 |      33 |      33 |  50.0 |      11 |      11 |  50.0
        D:3 |      48 |      16 |  25.0 |      15 |       2 |  11.8
        D:4 |     390 |       0 |   0.0 |      24 |       0 |   0.0
        D:5 |     384 |     641 |  62.5 |      15 |       1 |   6.2
        D:6 |     947 |       0 |   0.0 |      20 |       0 |   0.0
        D:7 |     660 |       0 |   0.0 |      12 |       0 |   0.0
        D:8 |     207 |       0 |   0.0 |       4 |       0 |   0.0
            +---------+---------+-------+---------+---------+-------
